 Dungeon Crawl Stone Soup version 0.26-a0-976-gd3b5134375 (webtiles) character file.

Game seed: 17209490408311207385

0 Gargoyl the Skirmisher (level 1, -2/23 HPs)
             Began as a Gnoll Abyssal Knight on Dec 5, 2020.
             Was a Follower of Lugonu.
             Slain by an ancient zyme (10 damage)
             ... on level 2 of the Abyss.
             The game lasted 00:00:54 (188 turns).

Gargoyl the Skirmisher (Gnoll Abyssal Knight)        Turns: 188, Time: 00:00:54

Health: -2/23      AC:  3    Str: 10      XL:     1   Next: 0%
Magic:  2/2        EV: 12    Int:  9 (10) God:    Lugonu [*.....]
Gold:   37         SH:  0    Dex: 10      Spells: 0/0 levels left

rFire    . . .     SeeInvis .   a - +1 hand axe
rCold    . . .     Faith    .   (no shield)
rNeg     . . .     Spirit   .   b - +0 leather armour
rPois    .         Reflect  .   (no helmet)
rElec    .         Harm     .   (no cloak)
rCorr    .         Rampage  .   (no gloves)
MR       .....     Rnd*Rage +   (no boots)
Stlth    +.........             (no amulet)
HPRegen  0.00/turn              (no ring)
MPRegen  0.08/turn              (no ring)

@: non-regenerating, diseased
A: distributed training, fangs 1, [berserk 3], [blurry vision 2], [clumsy 2],
[deterioration 2], [dopey 2], [low mp 3], [screaming 2], [weak 2], strong nose
a: Depart the Abyss, Renounce Religion


You were on level 2 of the Abyss.
You worshipped Lugonu.
Lugonu was aware of your devotion.
You visited 0 branches of the dungeon, and saw 0 of its levels.
You visited the Abyss 1 time.

You collected 37 gold pieces.

Inventory:

Hand Weapons
 a - a +1 hand axe (weapon)
Armour
 b - a +0 leather armour (worn)
Miscellaneous
 c - a phantom mirror (inert)


   Skills:
 + Level 6.4 Fighting
 + Level 0.0 Short Blades
 + Level 0.0 Long Blades
 + Level 4.4 Axes
 + Level 0.0 Maces & Flails
 + Level 0.0 Polearms
 + Level 0.0 Staves
 + Level 0.0 Slings
 + Level 0.0 Bows
 + Level 0.0 Crossbows
 + Level 0.0 Throwing
 + Level 4.4 Armour
 + Level 2.3 Dodging
 + Level 0.0 Stealth
 + Level 0.0 Shields
 + Level 0.0 Unarmed Combat
 + Level 0.0 Spellcasting
 + Level 0.0 Conjurations
 + Level 0.0 Hexes
 + Level 0.0 Summonings
 + Level 0.0 Necromancy
 + Level 0.0 Translocations
 + Level 0.0 Transmutations
 + Level 0.0 Fire Magic
 + Level 0.0 Ice Magic
 + Level 0.0 Air Magic
 + Level 0.0 Earth Magic
 + Level 0.0 Poison Magic
 + Level 4.4 Invocations
 + Level 0.0 Evocations


You couldn't memorise any spells.
You didn't know any spells.
Your spell library was empty.

Dungeon Overview and Level Annotations

Branches:
Dungeon (0/15)

Altars:


Innate Abilities, Weirdness & Mutations

Your experience applies equally to all skills.
You have very sharp teeth.
Your uncanny sense of smell can sniff out nearby items.
[You have an uncontrollable temper.]
[Scrolls take you longer to read.]
[You are very clumsy. (Dex -4)]
[Your body often deteriorates upon taking damage.]
[You are very dopey. (Int -4)]
[Your magical capacity is extremely low. (-30% MP)]
[You sometimes yell uncontrollably at your foes.]
[You are very weak. (Str -4)]


Message History

The ancient zyme hits you. The ancient zyme hits you!
Found a scroll labelled ROQUYMIULI.
You see here a fizzy ruby potion.
d - a fizzy ruby potion The wretched star pulses with an eldritch light!
You feel the urge to shout.
You feel a strong urge to yell.
A tentacle flies out from the starspawn's body!
A tentacled starspawn comes into view.
A starspawn tentacle comes into view.
It was a potion of heal wounds.
You feel much better. The ancient zyme hits you!
Ouch! That really hurt!
Your body deteriorates!
You feel dopey. The ancient zyme closely misses you.
You feel ill.
The wretched star pulses with an eldritch light!
You feel clumsy. x2
The starspawn tentacle barely misses you.
Found a fuming clear potion.
The ancient zyme hits you!
You die...

. #. . #.. ## #.
#...#.. #. ##
...# # ##......
##. #### .##...
. #.#
.##..#....## ..
##.##.# #..... #
# ###..@!# ##.
..#.##.#
#....x###.## . .
###
....###.#.#.#
#.. #w# ##.
##.#..# #.##.X#
# #....## ##.
.w..
X...###..###.#.#
.# . #.##
#│.###..#.. # #
#│#..#.# #.. # ∆
#X####* ...# #


You could see an ancient zyme.

Vanquished Creatures (others)
  3 starspawn tentacles (Abyss:2)
3 creatures vanquished.

Notes
Turn   | Place    | Note
-------+----------+-------------------------------------------
     0 | Abyss:1  | Gargoyl the Gnoll Abyssal Knight began the quest for the
                  | Orb.
     0 | Abyss:1  | Reached XP level 1. HP: 23/23 MP: 3/3
    75 | Abyss:1  | Noticed a thrashing horror
    84 | Abyss:1  | Found a corrupted altar of Lugonu.
   113 | Abyss:1  | Noticed an angel
   144 | Abyss:2  | Noticed a wretched star
   144 | Abyss:2  | Noticed an ancient zyme
   166 | Abyss:2  | Noticed a tentacled starspawn
   183 | Abyss:2  | Noticed a tentacled starspawn
   188 | Abyss:2  | Slain by an ancient zyme

Illustrated notes

Levels and vault maps discovered:
Abyss:2:  base:
Temple

Action                   || total
-------------------------++-------
Melee: Hand axe          ||     1
Evoke: Phantom mirror    ||     1
  Use: Potion            ||     3
Dodge: Dodged            ||     3

Table legend: (Time is in decaauts)
 A = Elapsed time spent in this place.
 B = Non-inter-level travel time spent in this place.
 C = Inter-level travel time spent in this place.
 D = Time resting spent in this place.
 E = Time spent auto-exploring this place.
 F = Levels seen in this place.
 G = Mean time per level.
                   A        B        C        D        E       F      G
               +--------+--------+--------+--------+--------+-----+--------+
         Total |    189 |    189 |      0 |      0 |    106 |   2 |   94.5 |
         Abyss |    189 |    189 |      0 |      0 |    106 |   2 |   94.5 |
               +--------+--------+--------+--------+--------+-----+--------+

Top non-repeatable levels by time:
 Abyss:1: 120 daAuts
 Abyss:2: 68 daAuts
